Map: Avalon Labs

Players

steve

  • Race: Zerg Zerg
  • League: Diamond
  • Spawn Location: 12:00

Børinga

  • Race: Zerg Zerg
  • League: Platinum
  • Spawn Location: 12:00

Cyclone

  • Race: Protoss Protoss
  • Spawn Location: 11:00

Loken

  • Race: Zerg Zerg
  • League: Platinum
  • Spawn Location: 5:00

Myran

  • Race: Protoss Protoss
  • Spawn Location: 6:00

dallaskuken

  • Race: Protoss Protoss
  • League: Platinum
  • Spawn Location: 6:00

VOD

Have the link to the VOD?

Description

Time

  • Played on: April 5, 2017, 6:43 p.m.
  • Length: 17:49
Show
View Real Time Build Order
Export as new Build Order

steve Zerg 

Build Orders: Hatch First 

Get SALT Encoding   

  12  0:01  Drone  
  13  0:13  Overlord  
  13  0:19  Drone  
  14  0:31  Drone x2  
  16  0:37  Drone  
  17  0:58  Drone  
  17  0:59  Hatchery  
  17  1:11  Spawning Pool  
  16  1:12  Drone  
  17  1:18  Extractor  
  17  1:20  Drone x2  
  18  1:35  Overlord  
  18  1:57  Queen  
  18  1:58  Zergling x4  
  22  2:04  Drone  
  23  2:11  Drone  
  23  2:12  Queen  
  23  2:14  Drone  
  27  2:27  Drone x2  
  29  2:36  Drone x2  
  31  2:52  Queen  
  33  3:02  Hatchery  
  32  3:13  Queen  
  32  3:14  Overlord  
  32  3:16  Overlord  
  32  3:18  Drone x2  
  36  3:26  Metabolic Boost  
  35  3:33  Zergling x8  
  35  3:34  Zergling x6  
  42  3:46  Spine Crawler  
  42  3:47  Spine Crawler, Zergling x6  
  43  4:01  Spore Crawler  
  42  4:19  Zergling x8  
  42  4:20  Zergling x14  
  50  4:35  Zergling x12  
  49  4:50  Zergling x8  
  52  4:55  Zergling x2  
  48  5:05  Zergling x4  
  48  5:06  Zergling x2  
  49  5:08  Drone x2  
  49  5:10  Extractor  
  49  5:12  Extractor  
  49  5:15  Extractor  
  48  5:27  Drone x3  
  48  5:28  Drone x2  
  53  5:57  Overlord x5  
  53  6:18  Drone  
  53  6:19  Drone x13  
  53  6:21  Queen  
  69  6:35  Drone x2  
  69  6:36  Drone x3  
  74  6:44  Evolution Chamber  
  74  6:45  Evolution Chamber  
  71  6:53  Zergling x6  
  68  6:54  Zergling x2  
  68  7:02  Zergling x6  
  68  7:03  Zergling x2  
  68  7:08  Overlord  
  72  7:14  Zerg Melee Weapons Level 1  
  72  7:16  Zerg Ground Armor Level 1  
  73  7:22  Zergling x2  
  73  7:23  Zergling x6  
  76  7:31  Zergling x8  
  76  7:32  Zergling x2  
  81  7:47  Zergling x4  
  81  7:48  Zergling x14  
  88  7:55  Zergling x10  
  76  8:02  Zergling x4  
  76  8:10  Zergling x12  
  80  8:16  Lair  
  80  8:37  Spore Crawler  
  80  8:38  Spore Crawler x2  
  80  8:40  Spore Crawler  
  80  8:41  Spore Crawler x2  
  74  8:43  Spore Crawler  
  73  8:55  Spore Crawler  
  73  8:57  Spore Crawler  
  73  9:01  Drone x7, Roach Warren  
  73  9:02  Drone  
  77  9:27  Extractor  
  77  9:28  Infestation Pit  
  77  9:29  Burrow, Extractor  
  74  9:36  Overlord x3  
  56  10:23  Drone x14  
  56  10:24  Drone x7  
  75  10:31  Pathogen Glands  
  75  10:32  Zerg Ground Armor Level 2, Zerg Missile Weapons Level 1  
  73  10:36  Glial Reconstitution  
  73  10:39  Pneumatized Carapace  
  73  10:55  Zergling x14  
  80  10:57  Infestor x4  
  80  10:58  Infestor x5  
  98  11:07  Zergling x6  
  101  11:11  Roach x2  
  105  11:22  Roach x2  
  108  11:32  Roach, Overlord  
  105  11:33  Overlord x6  
  101  11:59  Zergling x30  
  116  12:02  Ravager  
  116  12:07  Hive  
  117  12:08  Infestor x2  
  117  12:09  Infestor  
  117  12:16  Infestor x4  
  117  12:17  Infestor  
  117  12:18  Hatchery  
  117  12:22  Roach x2  
  132  12:23  Roach x7  
  132  12:26  Ravager x4  
  148  13:09  Roach  
  148  13:10  Roach x6  
  148  13:11  Overlord  
  148  13:12  Overlord x5  
  157  13:47  Ravager  
  157  13:48  Ravager x13  
  167  14:10  Drone  
  167  14:11  Drone x17  
  185  14:22  Overseer, Extractor  
  185  14:23  Overseer x2  
  184  14:24  Spore Crawler  
  184  14:25  Spine Crawler x2, Extractor  
  184  14:26  Spine Crawler  
  184  14:27  Spore Crawler  
  184  14:29  Spine Crawler  
  177  14:31  Roach  
  177  14:32  Roach x10  
  199  14:39  Overlord x3  
  199  14:40  Neural Parasite  
  199  14:47  Overlord x2  
  199  14:55  Ultralisk Cavern  
  196  15:28  Roach  
  198  15:42  Spine Crawler  
  198  15:43  Spine Crawler x2  
  198  15:45  Spine Crawler  
  198  15:49  Spine Crawler  
  193  15:50  Spine Crawler  
  192  16:09  Chitinous Plating  
  192  16:24  Evolution Chamber x2  
  190  16:29  Ultralisk  
  195  16:34  Overlord x4  
  195  16:35  Overlord  
  189  16:43  Drone x2  
  189  16:44  Drone x3  
  194  16:59  Ultralisk  
  200  17:07  Hatchery  
  185  17:17  Hatchery  
Show
View Real Time Build Order
Export as new Build Order

Børinga Zerg 

Build Orders: Pool First 

Get SALT Encoding   

  12  0:02  Drone  
  13  0:09  Drone  
  13  0:12  Extractor  
  13  0:16  Drone  
  14  0:28  Drone, Extractor  
  15  0:39  Spawning Pool  
  14  0:43  Extractor  
  14  0:45  Drone  
  15  0:56  Overlord  
  15  1:26  Zergling x6  
  15  1:27  Metabolic Boost  
  15  1:30  Queen  
  20  1:38  Zergling x2  
  21  1:57  Hatchery  
  20  2:05  Queen  
  22  2:11  Overlord  
  22  2:29  Drone  
  23  2:30  Drone x2  
  25  2:48  Drone x3  
  28  2:53  Drone  
  29  3:09  Drone  
  30  3:16  Drone  
  30  3:17  Drone  
  30  3:18  Queen  
  33  3:22  Hatchery  
  32  3:33  Drone x3  
  35  3:36  Overlord  
  35  3:38  Overlord  
  35  3:45  Spine Crawler  
  33  4:13  Drone x6  
  38  4:26  Hatchery  
  37  4:33  Zergling x4  
  39  4:39  Zergling x4  
  39  4:40  Zergling x4  
  39  4:44  Zergling x2  
  44  4:52  Overlord  
  44  4:53  Overlord  
  44  4:54  Overlord  
  44  5:03  Overlord  
  43  5:17  Drone x3  
  43  5:19  Extractor  
  45  5:22  Hatchery  
  45  5:23  Queen  
  45  5:26  Hatchery  
  45  5:27  Extractor x2, Overlord  
  43  5:31  Drone x2  
  46  5:57  Drone x3  
  46  5:58  Drone x3  
  46  6:00  Drone x2  
  46  6:01  Drone  
  54  6:08  Drone x2  
  54  6:09  Drone  
  57  6:12  Queen  
  57  6:16  Drone x4  
  63  6:19  Drone  
  63  6:20  Drone  
  63  6:21  Drone  
  66  6:33  Overlord  
  66  6:37  Lair  
  66  6:39  Drone x4  
  71  6:40  Drone x5  
  71  6:42  Extractor  
  71  6:43  Extractor  
  73  6:51  Zergling x2  
  73  6:52  Zergling x8  
  78  6:57  Zergling x6  
  81  7:03  Zergling x8  
  81  7:04  Zergling x8  
  86  7:10  Zergling x6  
  86  7:14  Zergling x6  
  89  7:15  Hatchery  
  89  7:22  Zergling x2  
  89  7:23  Zergling x4  
  91  7:32  Drone x4  
  81  8:00  Spire  
  81  8:03  Spore Crawler  
  63  8:15  Queen  
  61  8:28  Hydralisk Den  
  60  8:35  Spore Crawler  
  60  8:37  Spore Crawler  
  60  8:40  Drone x4, Spore Crawler  
  60  8:41  Drone x12  
  67  8:42  Drone x11  
  67  8:43  Drone x2, Spore Crawler  
  67  8:45  Spore Crawler  
  84  8:51  Spore Crawler  
  83  8:59  Muscular Augments, Hydralisk  
  83  9:00  Hydralisk x3  
  91  9:14  Hydralisk x4  
  99  9:26  Spore Crawler  
  99  9:28  Spore Crawler  
  99  9:30  Spore Crawler  
  96  9:36  Extractor  
  96  9:38  Spine Crawler, Spore Crawler  
  94  9:41  Hydralisk x3  
  94  9:43  Hydralisk  
  94  9:44  Hatchery  
  100  9:50  Spine Crawler  
  99  9:53  Overlord x3  
  99  9:59  Spore Crawler  
  98  10:01  Evolution Chamber  
  98  10:04  Evolution Chamber  
  98  10:05  Infestation Pit  
  95  10:08  Overlord x2  
  95  10:21  Overlord x2  
  95  10:22  Hydralisk  
  95  10:23  Hydralisk x4  
  105  10:43  Hydralisk x4  
  105  10:44  Hydralisk  
  105  10:45  Hydralisk x4  
  124  10:53  Spine Crawler  
  124  10:56  Spine Crawler, Hydralisk x4  
  130  11:04  Hydralisk  
  130  11:05  Spine Crawler  
  130  11:06  Spine Crawler  
  130  11:09  Hydralisk  
  130  11:10  Hydralisk x2  
  127  11:17  Hydralisk x2  
  112  11:20  Hydralisk  
  112  11:21  Hydralisk  
  112  11:24  Hydralisk  
  91  11:36  Hydralisk x2  
  79  11:41  Hydralisk  
  75  11:56  Drone  
  75  11:57  Drone x6  
  80  12:23  Drone x3  
  80  12:24  Drone  
  84  12:40  Zerg Ground Armor Level 1, Zerg Missile Weapons Level 1  
  84  12:49  Hatchery  
  83  13:18  Hydralisk x2  
  83  13:19  Hydralisk x9  
  97  13:25  Hydralisk  
  103  13:39  Hydralisk x3  
  103  13:40  Hydralisk  
  109  13:56  Queen  
  109  14:01  Queen  
  113  14:03  Drone x5  
  113  14:04  Drone  
  119  14:34  Hydralisk  
  119  14:35  Hydralisk x10  
  141  14:41  Zerg Missile Weapons Level 2  
  141  14:45  Zerg Ground Armor Level 2  
  141  15:05  Hydralisk  
  141  15:06  Hydralisk x2  
  147  15:08  Overlord  
  147  15:09  Overlord x5  
  147  15:18  Burrow  
  143  15:34  Hydralisk x3  
  143  15:35  Hydralisk x7  
  145  15:50  Spine Crawler x2  
  141  16:06  Hatchery  
  141  16:10  Overseer x4  
  140  16:13  Spine Crawler  
  140  16:15  Spine Crawler  
  140  16:16  Spine Crawler x2  
  140  16:18  Spine Crawler  
  135  16:21  Hydralisk  
  135  16:22  Hydralisk x3  
  135  16:23  Hydralisk  
  145  16:35  Hydralisk x20  
  145  16:36  Spine Crawler  
  145  16:37  Spine Crawler  
  143  16:40  Spore Crawler  
  143  16:44  Extractor  
  143  16:45  Spine Crawler  
  140  16:49  Hydralisk x12  
  140  16:50  Hydralisk x7  
  98  16:58  Hydralisk x6  
  88  17:16  Hydralisk  
  88  17:17  Hydralisk x5  
  88  17:18  Mutalisk  
  88  17:19  Mutalisk x4  
  88  17:20  Mutalisk  
  80  17:33  Drone x3  
  79  17:41  Spine Crawler  
  80  17:44  Spine Crawler  
Show
View Real Time Build Order
Export as new Build Order

Cyclone Protoss 

Build Orders:  

Get SALT Encoding   

  12  0:02  Probe (Chrono Boost)  
  13  0:13  Probe (Chrono Boost)  
  14  0:22  Pylon  
  14  0:24  Probe (Chrono Boost)  
  15  0:41  Gateway, Probe (Chrono Boost)  
  16  0:48  Assimilator  
  16  0:51  Probe (Chrono Boost)  
  17  1:02  Probe (Chrono Boost)  
  18  1:14  Probe (Chrono Boost)  
  19  1:31  Cybernetics Core  
  19  1:34  Pylon  
  19  1:38  Probe (Chrono Boost)  
  20  1:47  Assimilator  
  20  1:56  Probe (Chrono Boost)  
  20  1:57  Nexus  
  21  2:14  Stargate  
  21  2:16  Pylon  
  21  2:37  Mothership Core (Chrono Boost)  
  23  2:45  Assimilator  
  23  2:55  Probe (Chrono Boost)  
  24  3:08  Probe (Chrono Boost)  
  24  3:10  Probe (Chrono Boost)  
  26  3:13  Void Ray  
  26  3:19  Probe (Chrono Boost)  
  31  3:20  Probe (Chrono Boost)  
  32  3:30  Protoss Air Weapons Level 1  
  32  3:31  Probe x2 (Chrono Boost)  
  34  3:45  Probe (Chrono Boost)  
  34  3:47  Probe (Chrono Boost)  
  36  3:49  Pylon  
  36  3:51  Void Ray  
  36  3:53  Pylon  
  36  3:56  Probe (Chrono Boost)  
  36  3:57  Pylon  
  36  3:59  Probe (Chrono Boost)  
  42  4:15  Stargate  
  42  4:20  Assimilator, Probe (Chrono Boost)  
  42  4:21  Probe (Chrono Boost)  
  44  4:30  Probe (Chrono Boost)  
  45  4:32  Void Ray  
  45  4:33  Probe (Chrono Boost)  
  50  5:09  Void Ray  
  50  5:16  Void Ray  
  58  5:24  Protoss Air Armor Level 1  
  58  5:34  Forge  
  58  5:39  Probe (Chrono Boost)  
  58  5:41  Probe (Chrono Boost)  
  60  5:44  Pylon  
  60  5:48  Pylon  
  61  5:50  Probe (Chrono Boost)  
  61  5:51  Void Ray  
  61  5:53  Probe (Chrono Boost)  
  66  5:59  Void Ray  
  66  6:00  Probe (Chrono Boost)  
  72  6:05  Probe (Chrono Boost)  
  72  6:11  Probe (Chrono Boost)  
  73  6:28  Void Ray  
  77  6:42  Void Ray  
  81  6:57  Pylon  
  81  6:58  Nexus  
  81  7:01  Assimilator  
  81  7:16  Void Ray  
  85  7:25  Void Ray  
  85  7:40  Fleet Beacon  
  85  7:53  Void Ray  
  85  8:25  Carrier  
  61  8:35  Carrier  
  73  9:14  Graviton Catapult  
  73  9:35  Assimilator  
  73  9:45  Tempest  
  85  9:55  Tempest  
  85  10:00  Protoss Air Weapons Level 2  
  91  10:17  Carrier  
  91  10:30  Carrier  
  97  10:37  Protoss Shields Level 1  
  103  11:31  Carrier  
  106  11:59  Carrier  
  112  12:20  Pylon  
  112  12:21  Pylon  
  112  12:24  Pylon  
  112  12:27  Pylon  
  112  12:28  Pylon  
  112  12:29  Pylon x2  
  112  12:30  Pylon  
  112  12:31  Pylon x2  
  112  12:34  Pylon x2  
  112  12:35  Pylon  
  112  12:37  Pylon  
  112  12:41  Pylon  
  112  12:51  Tempest  
  118  13:38  Carrier  
  118  13:44  Tempest  
  130  13:57  Protoss Air Weapons Level 3  
  130  14:15  Carrier  
  136  14:52  Carrier  
  142  15:35  Tempest  
  148  16:07  Carrier x2  
Show
View Real Time Build Order
Export as new Build Order

Loken Zerg 

Build Orders: Hatch First 

Get SALT Encoding   

  12  0:01  Drone  
  13  0:13  Overlord  
  13  0:17  Drone  
  14  0:33  Drone x2  
  16  0:35  Drone  
  17  0:47  Drone  
  18  1:07  Drone  
  18  1:09  Drone  
  20  1:11  Hatchery  
  19  1:19  Spawning Pool, Drone  
  19  1:28  Drone  
  19  1:32  Extractor  
  19  1:39  Overlord  
  19  1:56  Drone  
  20  2:07  Queen  
  22  2:12  Zergling x2  
  23  2:26  Queen  
  25  2:31  Zergling x2  
  25  2:32  Zergling x4  
  28  2:43  Queen, Metabolic Boost  
  30  2:51  Hatchery  
  30  2:56  Drone x3  
  32  3:00  Drone x3  
  35  3:06  Extractor  
  34  3:17  Overlord x2  
  34  3:38  Drone x5  
  34  3:40  Drone  
  40  3:41  Drone x2  
  42  4:13  Zergling x20  
  50  4:32  Zergling x2  
  50  4:33  Zergling x12  
  54  5:05  Drone  
  54  5:06  Drone x10  
  56  5:11  Lair  
  56  5:25  Extractor  
  56  5:26  Overlord  
  56  5:27  Overlord x3, Extractor  
  54  5:43  Drone x4  
  58  5:53  Zergling x2  
  58  5:54  Zergling x20  
  68  6:12  Spire  
  67  7:29  Mutalisk x9  
  69  7:30  Mutalisk x2  
  89  7:46  Mutalisk  
  89  7:50  Overlord x2  
  89  7:51  Overlord x5  
  90  7:52  Overlord x2  
  69  8:27  Mutalisk  
  69  8:28  Mutalisk x9  
  87  9:13  Mutalisk x5  
  87  9:14  Hatchery  
  87  9:16  Zergling x18  
  87  9:17  Zergling x26  
  118  9:25  Zerg Flyer Weapons Level 1  
  118  9:58  Zergling x4  
  118  9:59  Zergling x24  
  132  10:05  Infestation Pit  
  131  10:08  Evolution Chamber  
  131  10:09  Evolution Chamber  
  129  10:17  Queen  
  128  10:38  Zergling x16  
  128  10:39  Zergling x24  
  148  10:51  Queen  
  148  10:55  Drone x4  
  148  10:56  Drone x3  
  65  11:43  Zergling x16  
  65  11:44  Zergling x18  
  74  11:50  Hive  
  74  11:52  Zerg Ground Armor Level 1  
  74  11:53  Zerg Melee Weapons Level 1  
  71  11:58  Zerg Flyer Weapons Level 2  
  71  12:05  Extractor  
  71  12:07  Extractor  
  69  12:33  Zergling x2  
  69  12:34  Zergling x36  
  69  12:35  Zergling x4  
  71  13:37  Zergling x2  
  71  13:38  Zergling x32  
  71  13:39  Zergling x20  
  87  13:44  Adrenal Glands  
  79  13:58  Zerg Melee Weapons Level 2  
  79  13:59  Zerg Ground Armor Level 2  
  79  14:09  Ultralisk Cavern  
  78  14:19  Hatchery  
  77  14:55  Chitinous Plating  
  77  14:59  Ultralisk  
  83  15:00  Ultralisk x7  
  124  15:23  Unknown x3  
  81  16:18  Ultralisk x4  
  93  16:19  Ultralisk  
Show
View Real Time Build Order
Export as new Build Order

Myran Protoss 

Build Orders:  

Get SALT Encoding   

  12  0:03  Probe (Chrono Boost)  
  14  0:14  Probe (Chrono Boost)  
  14  0:26  Probe (Chrono Boost)  
  15  0:32  Pylon  
  15  0:40  Assimilator  
  15  0:51  Probe (Chrono Boost)  
  16  1:01  Probe (Chrono Boost)  
  17  1:07  Gateway  
  17  1:12  Probe (Chrono Boost)  
  18  1:27  Probe (Chrono Boost)  
  19  1:37  Nexus  
  19  1:39  Probe (Chrono Boost)  
  20  1:43  Assimilator  
  20  1:46  Pylon  
  20  1:50  Probe (Chrono Boost)  
  21  1:56  Zealot  
  23  2:04  Probe (Chrono Boost)  
  24  2:15  Cybernetics Core  
  24  2:31  Zealot  
  24  2:33  Probe (Chrono Boost)  
  27  2:42  Pylon  
  27  2:49  Forge  
  27  2:52  Probe (Chrono Boost)  
  27  2:53  Warp Gate  
  27  2:58  Gateway  
  28  3:03  Pylon  
  28  3:12  Probe (Chrono Boost)  
  29  3:19  Stalker  
  31  3:23  Probe (Chrono Boost)  
  32  3:33  Probe (Chrono Boost)  
  34  3:41  Probe (Chrono Boost)  
  34  3:45  Stalker  
  36  3:49  Stalker  
  38  4:23  Stalker  
  40  4:25  Stalker  
  38  5:00  Gateway  
  38  5:02  Probe (Chrono Boost)  
  38  5:05  Probe (Chrono Boost)  
  40  5:13  Probe (Chrono Boost)  
  41  5:15  Pylon  
  41  5:16  Probe (Chrono Boost)  
  42  5:22  Stargate  
  42  5:23  Stargate, Probe (Chrono Boost)  
  43  5:30  Stalker, Photon Cannon  
  43  5:31  Stalker  
  43  5:34  Probe (Chrono Boost)  
  48  5:41  Photon Cannon  
  48  5:43  Pylon  
  48  5:49  Pylon  
  48  5:57  Probe (Chrono Boost)  
  48  6:01  Assimilator  
  49  6:06  Assimilator  
  49  6:10  Stalker  
  49  6:11  Stalker  
  53  6:15  Phoenix x2  
  57  6:20  Probe (Chrono Boost)  
  59  6:25  Probe (Chrono Boost)  
  59  6:31  Probe (Chrono Boost)  
  60  6:40  Phoenix x2  
  60  6:41  Probe (Chrono Boost)  
  65  7:04  Zealot  
  65  7:05  Phoenix x2, Zealot  
  73  7:21  Stalker  
  75  7:30  Phoenix x2  
  75  7:33  Gateway  
  75  7:35  Gateway  
  79  7:37  Pylon  
  79  7:40  Pylon  
  79  7:42  Zealot x2  
  40  8:37  Stalker  
  40  8:38  Stalker x2  
  46  8:44  Phoenix  
  46  8:45  Phoenix  
  50  9:02  Stalker  
  50  9:03  Stalker x2  
  56  9:15  Probe (Chrono Boost)  
  57  9:26  Probe (Chrono Boost)  
  58  9:35  Nexus  
  58  9:36  Probe (Chrono Boost)  
  59  9:47  Probe (Chrono Boost)  
  60  9:57  Probe (Chrono Boost)  
  48  10:40  Pylon  
  48  10:47  Probe (Chrono Boost)  
  49  10:52  Probe (Chrono Boost)  
  50  10:57  Probe (Chrono Boost)  
  50  11:03  Probe (Chrono Boost)  
  52  11:04  Stalker  
  52  11:05  Stalker x4  
  52  11:08  Probe (Chrono Boost)  
  63  11:13  Probe (Chrono Boost)  
  65  11:18  Probe (Chrono Boost)  
  65  11:24  Probe (Chrono Boost)  
  66  11:29  Probe (Chrono Boost)  
  67  11:35  Probe (Chrono Boost)  
  67  11:39  Probe (Chrono Boost)  
  69  11:50  Probe (Chrono Boost)  
  70  11:56  Stalker x3  
  70  11:57  Stalker  
  70  11:58  Stalker  
  70  12:00  Probe (Chrono Boost)  
  81  12:03  Protoss Ground Weapons Level 1  
  81  12:11  Probe (Chrono Boost)  
  70  13:13  Stalker x4  
  70  13:14  Stalker  
  70  13:19  Phoenix x2  
  84  13:34  Photon Cannon  
  84  13:40  Probe (Chrono Boost)  
  85  13:41  Photon Cannon  
  85  13:42  Probe (Chrono Boost)  
  85  13:43  Phoenix  
  85  13:44  Phoenix  
  90  13:50  Probe (Chrono Boost)  
  90  13:53  Probe (Chrono Boost)  
  92  14:05  Phoenix  
  92  14:06  Phoenix  
  96  14:21  Photon Cannon  
  96  14:27  Phoenix x2  
  101  14:39  Probe (Chrono Boost)  
  101  14:43  Probe (Chrono Boost)  
  102  14:48  Phoenix  
  102  14:49  Phoenix, Nexus  
  102  14:51  Probe (Chrono Boost)  
  105  14:53  Probe (Chrono Boost)  
  96  15:03  Probe (Chrono Boost)  
  95  15:10  Phoenix  
  95  15:11  Phoenix  
  98  15:15  Probe (Chrono Boost)  
  100  15:21  Twilight Council  
  100  15:27  Probe (Chrono Boost)  
  101  15:47  Pylon  
  101  15:48  Pylon  
  101  15:52  Pylon  
  101  16:02  Phoenix x2  
  75  16:53  Phoenix  
  75  16:54  Phoenix  
  75  16:55  Twilight Council  
  55  17:15  Phoenix x2  
Show
View Real Time Build Order
Export as new Build Order

dallaskuken Protoss 

Build Orders:  

Get SALT Encoding   

  12  0:01  Probe (Chrono Boost)  
  13  0:13  Probe (Chrono Boost)  
  14  0:22  Pylon  
  14  0:23  Probe (Chrono Boost)  
  15  0:40  Probe (Chrono Boost)  
  16  0:43  Gateway  
  16  0:50  Probe (Chrono Boost)  
  17  1:00  Gateway  
  17  1:10  Probe (Chrono Boost)  
  18  1:12  Assimilator  
  18  1:30  Cybernetics Core  
  18  1:33  Zealot  
  18  1:36  Probe (Chrono Boost)  
  18  1:39  Assimilator  
  21  1:47  Probe (Chrono Boost)  
  22  1:50  Pylon  
  22  1:57  Probe (Chrono Boost)  
  23  2:08  Warp Gate, Probe (Chrono Boost)  
  24  2:24  Stalker  
  24  2:25  Stalker  
  28  2:32  Probe (Chrono Boost)  
  29  2:43  Mothership Core (Chrono Boost)  
  31  2:56  Pylon  
  31  3:14  Stalker x2  
  35  3:44  Stalker  
  35  3:48  Gateway  
  37  3:49  Gateway  
  37  3:50  Gateway  
  37  4:06  Pylon  
  37  4:07  Pylon  
  29  5:00  Stalker x4  
  33  5:13  Nexus  
  33  5:15  Robotics Facility  
  33  5:16  Stalker  
  35  5:27  Forge  
  35  5:32  Pylon  
  35  5:35  Pylon  
  35  5:44  Twilight Council  
  35  5:56  Nexus  
  34  6:01  Stalker  
  34  6:02  Stalker x2  
  34  6:04  Observer  
  41  6:13  Pylon  
  41  6:14  Pylon  
  41  6:31  Zealot x2  
  45  7:01  Stalker x4  
  53  7:20  Probe (Chrono Boost)  
  55  7:23  Probe (Chrono Boost)  
  55  7:31  Probe (Chrono Boost)  
  55  7:35  Stalker  
  58  7:41  Probe (Chrono Boost)  
  59  7:52  Probe (Chrono Boost)  
  59  7:57  Stalker  
  59  7:58  Stalker x2  
  64  8:02  Probe (Chrono Boost)  
  43  8:18  Stalker x2  
  37  8:32  Probe (Chrono Boost)  
  38  8:43  Probe (Chrono Boost)  
  39  8:49  Stalker x2  
  39  8:50  Stalker x3  
  39  8:53  Probe (Chrono Boost)  
  50  8:56  Probe (Chrono Boost)  
  51  9:04  Probe (Chrono Boost)  
  51  9:08  Warp Prism  
  54  9:14  Probe (Chrono Boost)  
  55  9:45  Assimilator  
  55  9:50  Assimilator  
  53  10:48  Nexus  
  53  11:00  Zealot x3  
  53  11:01  Zealot x2  
  59  11:21  Probe (Chrono Boost)  
  56  11:32  Probe (Chrono Boost)  
  57  11:39  Zealot x2  
  61  11:40  Zealot x2  
  61  11:41  Zealot  
  61  11:42  Probe (Chrono Boost)  
  56  12:13  Probe (Chrono Boost)  
  57  12:17  Assimilator  
  57  12:20  Assimilator  
  57  12:24  Probe (Chrono Boost)  
  58  12:31  Stalker x3  
  58  12:32  Stalker x2  
  58  12:34  Probe (Chrono Boost)  
  69  12:40  Immortal  
  69  12:42  Blink  
  73  12:45  Probe (Chrono Boost)  
  72  12:55  Stalker x5, Probe (Chrono Boost)  
  83  13:06  Probe (Chrono Boost)  
  84  13:17  Probe (Chrono Boost)  
  84  13:19  Observer  
  78  14:04  Dark Shrine  
  78  15:18  Dark Templar x4  
  7  16:48  Dark Templar x3  
  7  16:49  Dark Templar  
Tags
 
Add a new tag
Caveats
  • Supply blocks, unpowered buildings, or Contaminate may cause inaccurate times.
  • Supply counts are checked every 10 seconds.